 Dungeon Sprint DCSS version 0.32-a0-450-g080537f31e (webtiles) character file.

Game seed: 14204965131642703263

14 adelrune the Shield-Bearer (level 2, -2/25 HPs)
             Began as a Formicid Fighter on Feb 23, 2024.
             Slain by an iguana (6 damage)
             ... in the Dungeon (Sprint IX: "|||||||||||||||||||||||||||||").
             The game lasted 00:00:29 (144 turns).

adelrune the Shield-Bearer (Formicid Fighter)        Turns: 144, Time: 00:00:29

Health: -2/25      AC:  7    Str: 20    XL:     2   Next: 55%
Magic:  2/2        EV:  9    Int:  7    God:
Gold:   0          SH:  5    Dex: 13    Spells: 1/1 levels left

rFire   . . .        a - +0 war axe
rCold   . . .        c - +0 buckler
rNeg    . . .        b - +0 scale mail
rPois   .            (helmet unavailable)
rElec   .            (no cloak)
rCorr   .            (no gloves)
SInv    +            (no boots)
Will    .....        (no amulet) Stlth
                     (no ring)
HPRegen 0.24/turn    (no ring)
MPRegen 0.08/turn

%: no passive effects
@: no status effects
A: permanent stasis, dig shafts and tunnels, antennae 3, four strong arms
a: Dig


You were in the Dungeon.
You visited 1 branch

Inventory:

Hand Weapons
 a - a +0 war axe (weapon)
Armour
 b - a +0 scale mail (worn)
 c - a +0 buckler (worn)
Potions
 d - a potion of might
 e - a potion of curing
 f - a potion of heal wounds
 g - 2 potions of magic


   Skills:
 + Level 3.9 Fighting
 * Level 3.3 Axes
 + Level 3.9 Armour
 + Level 1.3 Dodging
 + Level 4.7 Shields


You had one spell level left.
You didn't know any spells.
Your spell library was empty.

Dungeon Overview and Level Annotations

Branches:
Dungeon (1/1)

Altars:


Innate Abilities, Weirdness & Mutations

You cannot be hasted, slowed, berserked, paralysed or teleported.
You can dig through walls and to a lower floor.
You have a pair of large antennae on your head. (SInv)
Your four strong arms can wield two-handed weapons with a shield.


Message History

The liquid fire burns you!
* * * LOW HITPOINT WARNING * * *
You shake off some of the fire as you move.
The liquid fire burns you!
* * * LOW HITPOINT WARNING * * *
Things that are here:
a +0 short sword; a kobold corpse; a frilled lizard corpse You shake off the liquid fire.
There is an open door to the Dungeon, spattered with blood here.
You see here a +0 club.
You close the door, pushing everything out of the way.
You start resting.
You sense a monster nearby.
You start resting.
HP restored.
You open the door.
The iguana hisses angrily.
The iguana barely misses you.
You hit the iguana.
The iguana is moderately wounded.
The iguana completely misses you. The iguana bites you!
You barely miss the iguana.
The iguana is moderately wounded.
The iguana hisses angrily.
The iguana hisses menacingly.
The iguana closely misses you.
You closely miss the iguana.
The iguana is moderately wounded.
The iguana bites you. The iguana barely misses you.
You barely miss the iguana.
The iguana is moderately wounded.
You block the iguana's attack.
You closely miss the iguana.
The iguana is moderately wounded.
The iguana bites you!
* * * LOW HITPOINT WARNING * * *
You hit the iguana but do no damage.
The iguana is moderately wounded.
The iguana bites you.
You die... { ▓▓▓▓▓▓▓▓▓▓▓▓▓▓▓▓▓▓ ▓<..@lBBl..†..l..+ ▓▓▓▓▓▓▓▓▓▓▓▓▓▓▓▓▓▓

You could see 2 bombardier beetles and 2 iguanas.

Vanquished Creatures
  An adder (D)
  A goblin (D)
  2 ball pythons (D)
  A frilled lizard (D)
  A kobold (D)
6 creatures vanquished.

Notes
Turn   | Place    | Note
-------+----------+-------------------------------------------
     0 | D        | adelrune the Formicid Fighter began the quest for the Orb.
     0 | D        | Reached XP level 1. HP: 18/18 MP: 1/1
    18 | D        | Noticed a bombardier beetle
    18 | D        | Noticed a bombardier beetle
    18 | D        | Noticed an iguana
    18 | D        | Noticed an iguana
    31 | D        | Reached skill level 1 in Dodging
    31 | D        | Reached XP level 2. HP: 18/25 MP: 2/2
    35 | D        | HP: 1/25 [burnt (4)]
   144 | D        | Slain by an iguana

Illustrated notes

Levels and vault maps discovered:
D:        linesprint [early_d, line_temple, items_1, d_10, items_2, lair_1,
          lair_end, items_3, orc_1, orc_end, items_4, d_15, swamp_1, shoals_1,
          snake_1, spider_1, d_20, vaults_1, items_5, swamp_end, shoals_end,
          snake_end, spider_end, vaults_end, d_27, items_6, zot_1, zot_end,
          crypt_end, forest_end, elf_end, slime_end, tomb_end, abyss_end,
          pan_hell_end]

Skill      XL: |  1 |
---------------+----+-----
Axes           | 3 |  3.3
Dodging        | 1 |  1.3
Fighting       | |  3.9
Armour         | |  3.9
Shields        | |  4.7

Action                     || total
---------------------------++-------
  Melee: War axe           ||    27
 Armour: Scale mail        ||    17
  Dodge: Dodged            ||    15
  Block: Buckler           ||    10

Table legend: (Time is in decaauts)
 A = Elapsed time spent in this place.
 B = Non-inter-level travel time spent in this place.
 C = Inter-level travel time spent in this place.
 D = Time resting spent in this place.
 E = Time spent auto-exploring this place.
 F = Levels seen in this place.
 G = Mean time per level.
                   A        B        C        D        E       F      G
               +--------+--------+--------+--------+--------+-----+--------+
         Total |    154 |    154 |      0 |     96 |      0 |   1 |  154.0 |
       Dungeon |    154 |    154 |      0 |     96 |      0 |   1 |  154.0 |
               +--------+--------+--------+--------+--------+-----+--------+

Top non-repeatable levels by time:
       D: 154 daAuts
